 Dungeon Crawl Stone Soup version 0.27.1-2-g3b301248ec (webtiles) character file.

Game seed: 14881167868653110240

384 Kinoniko the Slasher (level 6, -2/70 HPs)
             Began as a Demonspawn Berserker on Sept 30, 2021.
             Was a Believer of Trog.
             Slain by an ogre (20 damage)
             ... on level 4 of the Dungeon.
             The game lasted 00:02:45 (3837 turns).

Kinoniko the Slasher (Demonspawn Berserker)         Turns: 3837, Time: 00:02:46

Health: -2/70      AC:  9    Str: 19    XL:     6   Next: 47%
Magic:  6/6        EV: 11    Int:  9    God:    Trog [**....]
Gold:   165        SH:  0    Dex: 12    Spells: 5/5 levels left

rFire    . . .     SeeInvis .   a - +0 falchion
rCold    . . .     Faith    .   (no shield)
rNeg     . . .     Spirit   .   v - +0 ring mail
rPois    .         Reflect  .   (helmet restricted)
rElec    .         Harm     .   (no cloak)
rCorr    .         Rampage  .   (no gloves)
Will     .....                  (no boots)
Stlth    ..........             (no amulet)
HPRegen  0.21/turn              d - +4 ring of protection
MPRegen  0.10/turn              (no ring)

@: berserking, very quick
A: claws 1, horns 1, demonic magic 1
a: Renounce Religion, Berserk, Trog's Hand


You were on level 4 of the Dungeon.
You worshipped Trog.
Trog was pleased with you.
You visited 1 branch of the dungeon, and saw 4 of its levels.

You collected 165 gold pieces.

Inventory:

Hand Weapons
 a - a +0 falchion (weapon)
Missiles
 s - a throwing net (quivered)
Armour
 b - a +0 animal skin
 m - a +0 leather armour
 q - a +0 pair of gloves
 v - a +0 ring mail (worn)
Jewellery
 d - a +4 ring of protection (left claw)
 y - the ring of Miracles {Fire rPois rCorr Slay-6}
   (You found it on level 4 of the Dungeon)

   [ring of fire]

   It enhances your fire magic.
   Slay:      It affects your accuracy & damage with ranged weapons and melee
   (-6).
   rF:        It protects you from fire.
   rC:        It makes you vulnerable to cold.
   rPois:     It protects you from poison.
   rCorr:     It protects you from acid and corrosion.
Scrolls
 e - 2 scrolls of torment {unknown}
 f - 3 scrolls of amnesia {unknown}
 g - a scroll of summoning {unknown}
 h - a scroll of enchant armour {unknown}
 i - a scroll of magic mapping {unknown}
 j - a scroll of noise {unknown}
 k - a scroll of fear {unknown}
 l - 3 scrolls of teleportation {unknown}
 p - a scroll of identify {unknown}
 u - 2 scrolls of acquirement {unknown}
 w - a scroll of enchant weapon {unknown}
 x - a scroll of vulnerability {unknown}
Potions
 c - a potion of curing {unknown}
 n - 2 potions of might {unknown}
 o - a potion of lignification {unknown}
 r - a potion of flight {unknown}
 t - a potion of berserk rage {unknown}


   Skills:
 - Level 3.0 Fighting
 * Level 5.2 Long Blades
 - Level 1.7 Armour
 - Level 1.7 Dodging
 * Level 3.9 Unarmed Combat


You had 5 spell levels left.
You didn't know any spells.
Your spell library was empty.

Dungeon Overview and Level Annotations

Branches:
Dungeon (4/15)             Temple (0/1) D:4

Altars:
Yredelemnul

Annotations:
D:4 1 runed translucent door


Innate Abilities, Weirdness & Mutations

You have sharp fingernails.
You have a pair of small horns on your head.
Spells you cast may paralyse adjacent enemies.


Message History

The phantom hits you but does no damage.
You barely miss the phantom.
The phantom is almost destroyed.
The phantom hits you but does no damage.
You barely miss the phantom.
The phantom is almost destroyed.
The phantom hits you.
You hit the phantom but do no damage.
The phantom is almost destroyed.
The phantom hits you.
The phantom blinks!
You blink.
You hit the phantom.
The phantom is almost destroyed.
The phantom hits you but does no damage.
The kobold skeleton hits you but does no damage.
The ogre completely misses you.
You hit the phantom.
You destroy the phantom!
Trog accepts your kill.
The kobold skeleton hits you but does no damage.
The ogre hits you with a +0 giant club!
You are too injured to fight recklessly!
You are too injured to fight recklessly!
Unknown command.
A red film seems to cover your vision as you go berserk!
You feel yourself moving faster!
You feel mighty! The kobold skeleton barely misses you.
You riposte.
You slash the kobold skeleton!
You destroy the kobold skeleton!
Trog accepts your kill.
You are too injured to fight recklessly!
You are too injured to fight recklessly!
You are too injured to fight recklessly!
You slash the ogre!
The ogre is moderately wounded.
The ogre hits you with a +0 giant club!
* * * LOW HITPOINT WARNING * * *
You slash the ogre!
The ogre is almost dead.
The ogre hits you with a +0 giant club!!
You die...

#.. ###.. #...# #.#.####
#.....8# #......# .
#####.....### .
###..##.###.#.. ####.
###...@...#p+.#._ ....
##....O....###.#.. ...#
##..............###
####..###................#
..# #.#.................8#
..# #)#...........#######
#.# #.###........## ..#
##.########### ..# #..#


You could see an ogre and a neutral human (wandering).

Vanquished Creatures
  An ogre (D:4)
  A phantom (D:4)
  2 scorpions (D:4)
  4 adders
  A worm (D:2)
  A dart slug (D:2)
  2 orcs
  6 bats
  11 endoplasms
  5 goblins
  3 hobgoblins
  3 jackals (D:3)
  2 quokkas (D:2)
  4 ball pythons
  3 frilled lizards
  7 kobolds
  A kobold skeleton (D:4)
  2 rats (D:1)
59 creatures vanquished.

Notes
Turn   | Place    | Note
-------+----------+-------------------------------------------
     0 | D:1      | Kinoniko the Demonspawn Berserker began the quest for the
                  | Orb.
     0 | D:1      | Reached XP level 1. HP: 18/18 MP: 1/1
   183 | D:1      | Reached skill level 3 in Long Blades
   520 | D:1      | Gained mutation: You have sharp fingernails. [demonic
                  | ancestry]
   520 | D:1      | Reached XP level 2. HP: 24/24 MP: 2/2
   532 | D:1      | Found a faded altar of an unknown god.
  1290 | D:2      | Reached ** piety under Trog
  1291 | D:2      | Reached skill level 1 in Unarmed Combat
  1390 | D:2      | Reached XP level 3. HP: 29/29 MP: 3/3
  2326 | D:3      | Gained mutation: Spells you cast may paralyse adjacent
                  | enemies. [demonic ancestry]
  2326 | D:3      | Reached XP level 4. HP: 34/35 MP: 4/4
  2387 | D:3      | Reached skill level 4 in Long Blades
  3221 | D:4      | Identified the ring of Miracles {Fire rPois rCorr Slay-6}
  3281 | D:4      | Noticed a scorpion
  3291 | D:4      | Killed a scorpion
  3292 | D:4      | Gained mutation: You have a pair of small horns on your
                  | head. [demonic ancestry]
  3292 | D:4      | Reached XP level 5. HP: 41/41 MP: 5/5
  3357 | D:4      | Found a staircase to the Ecumenical Temple.
  3415 | D:4      | HP: 2/41 [poisoned by a scorpion]
  3720 | D:4      | Noticed an ogre
  3726 | D:4      | Killed an ogre
  3727 | D:4      | Reached skill level 5 in Long Blades
  3727 | D:4      | Reached XP level 6. HP: 47/47 MP: 6/6
  3809 | D:4      | Noticed a human
  3810 | D:4      | Found a runed translucent door.
  3815 | D:4      | Found a basalt altar of Yredelemnul.
  3837 | D:4      | Slain by an ogre

Illustrated notes

Levels and vault maps discovered:
D:1:      minmay_arrival_nine_rooms, layout_basic,
          hellmonk_ecumenical_altar_inner_sanctum, grunt_decor_junction,
          minmay_3d_cube
D:2:      layout_basic
D:3:      layout_rooms, st_stairs_9, kennysheep_generic_room_10
D:4:      layout_cave_pods, dk_yredelemnul_ordeal, mainiacjoe_overflow_alcove_2,
          temple_hall

Skill      XL: |  1  2  3  4  5 |
---------------+----------------+-----
Long Blades    | 3 4 5 |  5.2
Unarmed Combat | 1 2 3 |  3.9
Fighting       | |  3.0
Armour         | |  1.7
Dodging        | |  1.7

Action                   |  1- 3 |  4- 6 || total
-------------------------+-------+-------++-------
Melee: Falchion          |    71 |   106 ||   177
       Headbutt          |       |     9 ||     9
       Punch             |       |     1 ||     1
Invok: Berserk           |     1 |     4 ||     5
 Stab: Sleeping          |     2 |       ||     2
Armor: Animal skin       |     9 |       ||     9
       Leather armour    |    13 |    18 ||    31
       Ring mail         |       |    27 ||    27
Dodge: Dodged            |    44 |    67 ||   111
       Rpst.: Falchion   |    15 |    21 ||    36
